 Dungeon Crawl Stone Soup version bcrawl-1.19.2-6-g6a88ae04c9 (webtiles) character file.

Game seed: 7438317607853324855

11635 Mrkan the Cleaver (level 11, -10/99 HPs)
             Began as a Minotaur Fighter on Dec 29, 2019.
             Was an Elder of Yredelemnul.
             Mangled by a death yak (16 damage)
             ... on level 9 of the Dungeon.
             The game lasted 00:13:53 (10175 turns).

Mrkan the Cleaver (Minotaur Fighter)               Turns: 10175, Time: 00:13:54

Health: -10/99     AC: 21    Str: 26    XL:     11   Next: 51%
Magic:  15/15      EV:  6    Int:  5    God:    Yredelemnul [****..]
Gold:   652        SH: 12    Dex: 13    Spells: 10/10 levels left

rFire    + . .     SeeInvis +   y - +4 broad axe
rCold    . . .     Gourm    .   c - +0 shield
rNeg     . . .     Faith    .   n - +0 plate armour
rPois    +         Spirit   .   h - +2 hat
rElec    .         Reflect  .   x - +2 cloak {rPois}
rCorr    .         Harm     .   C - +0 pair of gloves
MR       .....                  (no boots)
Stlth    ..........             (no amulet)
HPRegen  0.26/turn              k - ring of see invisible
MPRegen  0.14/turn              p - ring of protection from fire

@: mighty
A: retaliatory headbutt, horns 2
a: Recall Undead Slaves, Injury Mirror, Animate Dead, Drain Life, Renounce
Religion


You were on level 9 of the Dungeon.
You worshipped Yredelemnul.
Yredelemnul was greatly pleased with you.
You were not hungry.

You visited 1 branch of the dungeon, and saw 9 of its levels.

You collected 652 gold pieces.

Inventory:

Hand Weapons
 y - a +4 broad axe (weapon)
Armour
 c - a +0 shield (worn)
 h - a +2 hat (worn)
 n - a +0 plate armour (worn)
 t - a +2 hat
 x - a +2 cloak of poison resistance (worn)
 C - a +0 pair of gloves (worn)
Jewellery
 a - an uncursed amulet of guardian spirit
 k - a ring of see invisible (left hand)
 p - a ring of protection from fire (right hand)
Wands
 o - a wand of random effects (4)
 B - a wand of iceblast (7)
Scrolls
 e - 8 scrolls of remove curse
 i - 3 scrolls of identify
 m - 7 scrolls of teleportation
 u - 2 scrolls of vulnerability
Potions
 b - a potion of berserk rage
 d - 2 potions of might
 g - 4 potions of lignification
 j - 4 potions of brilliance
 l - 3 potions of heal wounds
 q - 4 potions of agility
 r - 3 potions of curing
 s - 2 potions of degeneration
 v - 4 potions of mutation
 w - 2 potions of haste
 z - a potion of flight
 E - a potion of resistance {unknown}
Miscellaneous
 D - a phial of floods
Comestibles
 f - 21 rations {!d}


   Skills:
 + Level 9.8 Fighting
 * Level 12.7 Axes
 + Level 9.9 Armour
 + Level 9.7 Shields
 + Level 7.2 Invocations


You had 10 spell levels left.
You didn't know any spells.
Your spell library contained the following spells:

 Spells                   Type           Power        Failure   Level  Hunger
 Apportation              Tloc           #.....       100%        1    ##.....
 Freeze                   Ice            #.....       100%        1    ##.....
 Infusion                 Chrm           #.......     100%        1    ##.....
 Sandblast                Erth           #.....       100%        1    ##.....
 Slow                     Hex            #.......     100%        1    ##.....
 Summon Butterflies       Summ           #.......     100%        1    ##.....
 Ensorcelled Hibernation  Hex/Ice        #.....       100%        2    ###....
 Passwall                 Tmut/Erth      #.......     100%        2    ###....
 Throw Frost              Conj/Ice       #.....       100%        2    ###....
 Ozocubu's Armour         Chrm/Ice       #.......     100%        3    ####...
 Stone Arrow              Conj/Erth      #.....       100%        3    ####...
 Petrify                  Tmut/Erth      #.......     100%        4    #####..
 Summon Ice Beast         Ice/Summ       #.......     100%        4    #####..
 Throw Icicle             Conj/Ice       #.......     100%        4    #####..
 Lee's Rapid Deconstruct  Erth           #.........   100%        5    ######.
 Borgnjor's Vile Clutch   Necr/Erth      #.........   100%        6    #######
 Darkness                 Hex            #.........   100%        6    #######
 Infestation              Hex/Tmut/Pois  #........    100%        6    #######
 Shadow Creatures         Summ           N/A          100%        6    #######
 Time Stop                Chrm/Tloc      N/A          100%        8    #######


Dungeon Overview and Level Annotations

Branches:
Dungeon (9/12)             Temple (0/1) D:6            Lair (0/6) D:9
    Orc (0/1) D:8

Altars:
Ashenzari
Cheibriados
Dithmenos
Elyvilon
Fedhas
Gozag
Lugonu
Makhleb
Nemelex Xobeh
Okawaru
Qazlal
Trog
Wu Jian
Xom
Yredelemnul

Shops:
D:5 }   D:8 ?


Innate Abilities, Weirdness & Mutations

You reflexively headbutt those who attack you in melee.
You have a pair of horns on your head.


Message History

The death yak is heavily wounded.
Your wight hits the death yak but does no damage.
The death yak gores you!
* * * LOW HITPOINT WARNING * * *
You slice the death yak!! Your headbutt misses the death yak.
The death yak is almost dead.
Your wight hits the death yak from afar with a cursed +2 trident!
The death yak dies!
Yredelemnul accepts your kill.
Your wight hits the death yak from afar with a cursed +2 trident.
You slice the death yak!!
The death yak is moderately wounded.
Your wight hits the death yak but does no damage.
You block the death yak's attack.
You carve the death yak like a ham!!!
The death yak is almost dead.
Your wight hits the death yak but does no damage.
The death yak gores you!
You die...
Your body rises from the dead as a mindless zombie.

## ##............................
.###.......#.....................
.................................
.................................
...#.........####################
..#..>.##......# #.........
.......#.....#.# #..#######
..............†###### #.........
............###Y@...# ##########
..............#z#...#
#.#.###########.....# ###########
#...................###..........
####......####......#.#.#########
.# #.............)).#.#.#########
## #................#.#....).....
####...####.........#.#..........
##.#................'.#..........


You could see a death yak and a friendly wight.

Vanquished Creatures
  Psyche (D:8)
  A centaur warrior (D:8)
  3 death yaks (D:9)
  An unseen horror (D:9)
  Pikel (D:6)
  A cyclops (D:9)
  Joseph (D:9)
  2 trolls
  4 hippogriffs
  A vampire (D:9)
  9 yaks
  A hungry ghost (D:7)
  3 orc warriors
  3 sky beasts
  2 necrophages
  A phantom (D:7)
  An ice beast (D:8)
  2 ogres
  2 centaurs
  2 bullfrogs
  2 big kobolds (D:8)
  3 scorpions
  A crimson imp (D:4)
  A centaur zombie (D:8)
  A bullfrog zombie (D:7)
  2 hounds (D:8)
  2 jellies
  Crazy Yiuf (D:6)
  3 orc priests
  6 orc wizards
  2 iguanas
  2 worker ants
  4 gnolls
  7 adders
  3 shadow imps
  An ooze (D:2)
  2 adder skeletons
  3 worms
  4 leopard geckos
  24 orcs
  2 bats
  A giant cockroach (D:3)
  6 hobgoblins
  8 jackals
  A quokka (D:1)
  A ball python (D:1)
  A frilled lizard (D:2)
  2 goblins
  A jackal skeleton (D:4)
  15 kobolds
  4 rats
158 creatures vanquished.

Vanquished Creatures (collateral kills)
  A death knight (D:7)
  A death yak (D:9)
  Sigmund (D:6)
  Eustachio (D:5)
  A water moccasin (D:6)
  An orc warrior (D:7)
  A centaur (D:6)
  A gnoll sergeant (D:7)
  A crimson imp (D:5)
  A quasit (D:6)
  2 orc priests
  3 hounds
  2 centaur skeletons
  A gnoll shaman (D:5)
  2 orc wizards
  2 worker ants
  A hound skeleton (D:6)
  9 gnolls
  2 adders (D:3)
  An adder skeleton (D:5)
  An adder zombie (D:7)
  5 worms
  13 orcs
  A goblin (D:3)
  3 jackals (D:4)
  3 quokkas
  A jackal skeleton (D:5)
  3 kobolds
65 creatures vanquished.

Vanquished Creatures (others)
  6 flying skulls
  4 wights
  A hound (D:6)
  An adder (D:6)
12 creatures vanquished.

Grand Total: 235 creatures vanquished

Notes
Turn   | Place    | Note
-------+----------+-------------------------------------------
     0 | D:1      | Mrkan the Minotaur Fighter began the quest for the Orb.
     0 | D:1      | Reached XP level 1. HP: 19/19 MP: 0/0
   142 | D:1      | Reached XP level 2. HP: 24/27 MP: 1/1
   346 | D:1      | Reached skill level 3 in Axes
   906 | D:2      | Found a snail-covered altar of Cheibriados.
   908 | D:2      | Found a basalt altar of Yredelemnul.
   914 | D:2      | Became a worshipper of Yredelemnul the Dark
   938 | D:2      | Reached XP level 3. HP: 33/33 MP: 2/2
   980 | D:2      | Reached XP level 4. HP: 37/40 MP: 3/3
  1140 | D:2      | Reached skill level 4 in Axes
  1437 | D:3      | Reached * piety under Yredelemnul
  1449 | D:3      | Found a shadowy altar of Dithmenos.
  1793 | D:3      | Reached XP level 5. HP: 44/47 MP: 4/4
  2147 | D:3      | Found a shimmering altar of Xom.
  2149 | D:3      | Found a shimmering altar of Xom.
  2151 | D:3      | Found a shimmering altar of Xom.
  2152 | D:3      | Found a shimmering altar of Xom.
  2152 | D:3      | Found a shimmering altar of Xom.
  2161 | D:3      | Found a shimmering altar of Xom.
  2418 | D:4      | Noticed a sky beast
  2429 | D:4      | Killed a sky beast
  2429 | D:4      | Reached skill level 1 in Invocations
  2933 | D:4      | Reached skill level 5 in Axes
  2933 | D:4      | Reached XP level 6. HP: 20/55 MP: 5/5
  3570 | D:5      | Entered Level 5 of the Dungeon
  3576 | D:5      | Reached skill level 5 in Armour
  3616 | D:5      | Found Lathif's Gadget Shoppe.
  3618 | D:5      | Reached skill level 5 in Fighting
  3651 | D:5      | Reached skill level 5 in Shields
  3840 | D:5      | Reached XP level 7. HP: 58/61 MP: 7/7
  3848 | D:5      | Noticed Eustachio
  3863 | D:5      | Killed Eustachio
  3863 | D:5      | Reached skill level 6 in Axes
  4031 | D:5      | Found a white marble altar of Elyvilon.
  4397 | D:6      | Noticed Sigmund
  4404 | D:6      | Killed Sigmund
  4442 | D:6      | Found an iron altar of Okawaru.
  4445 | D:6      | Found an ornate altar of the Wu Jian Council.
  4447 | D:6      | Found a sparkling altar of Nemelex Xobeh.
  4447 | D:6      | Found a burning altar of Makhleb.
  4450 | D:6      | Found a corrupted altar of Lugonu.
  4450 | D:6      | Found a stormy altar of Qazlal.
  4450 | D:6      | Found a shattered altar of Ashenzari.
  4450 | D:6      | Found a bloodstained altar of Trog.
  4467 | D:6      | Noticed Pikel
  4478 | D:6      | Killed Pikel
  4478 | D:6      | Reached ** piety under Yredelemnul
  4478 | D:6      | Reached skill level 7 in Axes
  4478 | D:6      | Reached XP level 8. HP: 26/70 MP: 7/9
  4479 | D:6      | Found a staircase to the Ecumenical Temple.
  4829 | D:6      | Found a runed door.
  5434 | D:6      | Noticed Crazy Yiuf
  5442 | D:6      | Killed Crazy Yiuf
  5442 | D:6      | Reached skill level 8 in Axes
  5671 | D:7      | Noticed a troll
  5677 | D:7      | Killed a troll
  5711 | D:7      | Noticed a death knight
  5730 | D:7      | Killed a death knight
  5730 | D:7      | Reached XP level 9. HP: 30/79 MP: 9/11
  5786 | D:7      | Reached skill level 9 in Axes
  6431 | D:7      | Reached *** piety under Yredelemnul
  6992 | D:8      | Found an opulent altar of Gozag.
  6992 | D:8      | Noticed a centaur warrior
  6995 | D:8      | Reached skill level 10 in Axes
  6995 | D:8      | Reached skill level 5 in Invocations
  6998 | D:8      | Killed a centaur warrior
  7003 | D:8      | Reached XP level 10. HP: 62/88 MP: 12/12
  7406 | D:8      | Found a blossoming altar of Fedhas.
  7587 | D:8      | Found a staircase to the Orcish Mines.
  7678 | D:8      | Reached skill level 11 in Axes
  7939 | D:8      | Noticed Psyche
  7953 | D:8      | Killed Psyche
  8221 | D:8      | Found Edeem's Magic Scroll Boutique.
  8621 | D:9      | Noticed a death yak
  8622 | D:9      | Noticed a death yak
  8624 | D:9      | Noticed a death yak
  8629 | D:9      | Noticed a death yak
  8630 | D:9      | Noticed a death yak
  8867 | D:9      | Noticed Joseph
  8876 | D:9      | Killed Joseph
  9048 | D:9      | Noticed a cyclops
  9058 | D:9      | Killed a cyclops
  9179 | D:9      | Reached XP level 11. HP: 87/97 MP: 14/14
  9297 | D:9      | Reached **** piety under Yredelemnul
  9308 | D:9      | Reached skill level 12 in Axes
  9756 | D:9      | Found a staircase to the Lair.
  9880 | D:9      | Noticed an unseen horror
  9893 | D:9      | Killed an unseen horror
 10158 | D:9      | Killed a death yak
 10161 | D:9      | Killed a death yak
 10167 | D:9      | Killed a death yak
 10172 | D:9      | Killed a death yak
 10175 | D:9      | Mangled by a death yak

Skill      XL: |  1  2  3  4  5  6  7  8  9 10 11 |
---------------+----------------------------------+-----
Axes           | 3 4 5 7 8 10 11 12 | 12.7
Fighting       | 4 5 6 7 8 9 |  9.8
Armour         | 4 5 6 7 8 9 |  9.9
Shields        | 4 5 6 7 9 |  9.7
Invocations    | 1 3 4 5 6 7 |  7.2

Action                   |  1- 3 |  4- 6 |  7- 9 | 10-12 || total
-------------------------+-------+-------+-------+-------++-------
Melee: War axe           |    54 |    95 |    71 |       ||   220
       Headbutt          |     7 |    15 |    32 |    61 ||   115
       Broad axe         |       |       |    56 |   233 ||   289
  Use: Scroll            |       |     3 |     7 |    15 ||    25
       Potion            |       |       |       |     4 ||     4
 Stab: Distracted        |       |     1 |     1 |       ||     2
  Eat: Chunk             |       |     6 |    12 |    10 ||    28
       Ration            |       |     1 |       |       ||     1
Armor: Scale mail        |    10 |       |       |       ||    10
       Chain mail        |    18 |    16 |       |       ||    34
       Plate armour      |       |    35 |    61 |   101 ||   197
Dodge: Dodged            |    22 |    15 |    18 |    39 ||    94
Block: Shield            |    33 |    57 |    66 |   126 ||   282
